 Dungeon Crawl Stone Soup version 0.25-a0-1130-g3926558f3a (webtiles) character file.

Game seed: 8228288632364388590, levelgen mode: deterministic

79 Flugslaktarn the Skirmisher (level 4, 0/29 HPs)
             Began as a Gargoyle Fighter on May 19, 2020.
             Slain by an adder (1 damage)
             ... on level 3 of the Dungeon.
             The game lasted 00:02:12 (451 turns).

Flugslaktarn the Skirmisher (Gargoyle Fighter)       Turns: 451, Time: 00:02:13

Health: 0/29       AC: 11    Str: 16    XL:     4   Next: 38%
Magic:  4/4        EV:  7    Int:  9    God:
Gold:   66         SH:  8    Dex:  9    Spells: 3/3 levels left

rFire    . . .     SeeInvis .   a - +0 war axe
rCold    . . .     Gourm    .   c - +0 kite shield
rNeg     + . .     Faith    .   b - +0 scale mail
rPois    ∞         Spirit   .   h - +0 helmet
rElec    +         Reflect  .   (no cloak)
rCorr    .         Harm     .   (no gloves)
MR       .....                  (no boots)
Stlth    ..........             (no amulet)
HPRegen  0.09/turn              i - -4 ring of strength (curse)
MPRegen  0.09/turn              g - ring of attention (curse)

@: mighty
A: negative energy resistance 1, electricity resistance, unbreathing,
petrification resistance, rot immunity, AC +3
a: no special abilities


You were on level 3 of the Dungeon.
You were not hungry.

You visited 1 branch of the dungeon, and saw 3 of its levels.

You collected 66 gold pieces.

Inventory:

Hand Weapons
 a - a +0 war axe (weapon)
Armour
 b - a +0 scale mail (worn)
 c - a +0 kite shield (worn)
 h - a +0 helmet (worn)
   (You found it on level 2 of the Dungeon)
Jewellery
 g - a cursed ring of attention (right hand)
   (You found it on level 3 of the Dungeon)
 i - a cursed -4 ring of strength (left hand)
   (You found it on level 2 of the Dungeon)
Scrolls
 f - 2 scrolls of identify {unknown}
 j - 2 scrolls of enchant weapon {unknown}
 k - a scroll of teleportation {unknown}
Comestibles
 e - 4 rations


   Skills:
 + Level 3.8 Fighting
 * Level 2.9 Axes
 + Level 3.8 Armour
 + Level 3.8 Shields


You had 3 spell levels left.
You didn't know any spells.
Your spell library was empty.

Dungeon Overview and Level Annotations

Branches:
Dungeon (3/15)

Altars:

Annotations:
D:3 Grinder, Terence


Innate Abilities, Weirdness & Mutations

You are resistant to torment.
Your stone body is resilient. (AC +3)
You are immune to poison.
You resist negative energy. (rN+)
You are resistant to electric shocks. (rElec)
You can survive without breathing.
You are immune to petrification.
You are immune to rotting.


Message History

Grinder hits you but does no damage. Grinder hits you but does no damage.
Terence hits you but does no damage. The adder barely misses you.
The adder bites you but does no damage. Grinder hits you.
* * * LOW HITPOINT WARNING * * *
You writhe in agony.
* * * LOW HITPOINT WARNING * * *
The adder bites you but does no damage.
You can move again.
You slash Grinder!
Grinder is moderately wounded.
You miss the adder. You closely miss the adder.
Your scale mail prevents you from hitting Terence.
Terence hits you but does no damage. You block the adder's attack.
The adder bites you.
* * * LOW HITPOINT WARNING * * *
Grinder blinks!
You block Terence's attack. The adder bites you.
* * * LOW HITPOINT WARNING * * *
The adder bites you.
You die...

#.. ##.5...
.......
######.....
.........
###..#...
#.......#####
#.....S§@...###
#.....S@........
#......######.##
#.#......####
#.#.........#
..##...
#.##..#.###...
......##
#.##..#...
#######.#.....
#.##..###... ..
.........
#.##.## ####.#
#........ #.#..#
#.. #........


You could see Grinder, Terence and 2 adders.

Vanquished Creatures
  Jessica (D:3)
  An adder (D:3)
  An ooze (D:3)
  2 worms (D:3)
  A dart slug (D:1)
  A leopard gecko (D:2)
  2 orcs (D:3)
  A bat (D:2)
  2 giant cockroaches
  3 goblins
  4 hobgoblins
  3 jackals (D:3)
  2 quokkas
  3 kobolds
  2 rats
29 creatures vanquished.

Notes
Turn   | Place    | Note
-------+----------+-------------------------------------------
     0 | D:1      | Flugslaktarn the Gargoyle Fighter began the quest for the
                  | Orb.
     0 | D:1      | Reached XP level 1. HP: 14/14 MP: 1/1
    47 | D:1      | Reached XP level 2. HP: 19/19 MP: 2/2
   173 | D:3      | Reached XP level 3. HP: 13/23 MP: 3/3
   368 | D:3      | Noticed Jessica
   378 | D:3      | Killed Jessica
   378 | D:3      | Reached XP level 4. HP: 24/29 MP: 4/4
   432 | D:3      | Noticed Grinder
   436 | D:3      | Noticed Terence
   436 | D:3      | Paralysed by Grinder for 5 turns
   445 | D:3      | Paralysed by Grinder for 6 turns
   451 | D:3      | HP: 1/29 [adder (3)]
   451 | D:3      | Slain by an adder

Illustrated notes

Levels and vault maps discovered:
D:1:      lemuel_arrival_tunnels, layout_basic, minmay_close_crescents
D:2:      layout_basic, first_ration, chequers_ecumenical_altar_simple,
          uniq_sigmund
D:3:      layout_rooms, uniq_grinder, uniq_jessica, uniq_terence

Skill      XL: |  1 |
---------------+----+-----
Axes           | 2 |  2.9
Fighting       | |  3.8
Armour         | |  3.8
Shields        | |  3.8

Action                   |  1- 3 |  4- 6 || total
-------------------------+-------+-------++-------
Melee: War axe           |    77 |    13 ||    90
  Use: Potion            |       |     1 ||     1
Armor: Scale mail        |    51 |    30 ||    81
Dodge: Dodged            |    30 |    14 ||    44
Block: Kite shield       |    57 |    14 ||    71

Table legend:
 A = Non-vault XP
 B = Vault XP
 C = Vault XP percentage of total XP
 D = Non-vault monster count
 E = Vault monster count
 F = Vault count percentage of total count
                 A         B        C        D         E       F
            +---------+---------+-------+---------+---------+-------
      Total |      77 |      37 |  32.5 |      28 |       1 |   3.4
            +---------+---------+-------+---------+---------+-------
        D:1 |      10 |       0 |   0.0 |       4 |       0 |   0.0
        D:2 |      14 |       0 |   0.0 |       8 |       0 |   0.0
        D:3 |      53 |      37 |  41.1 |      16 |       1 |   5.9
            +---------+---------+-------+---------+---------+-------
